AoeStats
← gazza17

Nomad

517647191Analyzed
4v4 RM · 6d ago on Oct 31, 2026· 42m 55s· 8 players
Game mode
Random Map
Map size
231×231
Population
200
Speed
Normal
Resources
Standard
Victory
Conquest
Starting age
Dark Age
Ending age
Imperial Age
RankedLock teamsTeams togetherTeam positionsShared explorationLock speedFull tech treeHidden civsTurbo modeCheats
Victory
Defeat
🇮🇳 Tatars · India
1004
+17
🇹🇼 Burgundians · Taiwan
1000
+17
🇹🇼 Franks · Taiwan
987
+17
🇳🇿 Koreans · New Zealand
986
+17
vs
🇫🇮 Spanish · Finland
1048
-18
🇩🇪 Khmer · Germany
1021
-17
🇺🇦 Tatars · Ukraine
1018
-17
🇬🇧 Armenians · United Kingdom
1001
-16
gazza17
11:42 Loom
17:00 Feudal Age
19:11 Double-Bit Axe
21:57 Castle Age
20:58 Double-Bit Axe
21:04 Stone Mining
21:22 Horse Collar
25:46 Heavy Plow
25:59 Bow Saw
27:00 Fletching
29:02 Gold Mining
30:25 Bodkin Arrow
32:31 Ballistics
33:39 Wheelbarrow
33:08 Padded Archer Armor
1mmr
5:15 Loom
15:04 Feudal Age
15:55 Double-Bit Axe
22:23 Gold Mining
26:45 Castle Age
24:57 Horse Collar
26:31 Stone Mining
30:50 Bloodlines
30:40 Husbandry
30:34 Fletching
30:44 Padded Archer Armor
31:40 Bow Saw
32:10 Wheelbarrow
33:39 Bodkin Arrow
36:29 Gold Shaft Mining
38:00 Leather Archer Armor
38:59 Ballistics
40:44 Silk Armor
randymuc
13:48 Feudal Age
14:19 Loom
17:00 Castle Age
16:13 Double-Bit Axe
18:16 Bow Saw
19:38 Wheelbarrow
20:10 Horse Collar
26:38 Heavy Plow
27:07 Gold Mining
27:36 Town Watch
27:54 Stone Mining
29:00 Hand Cart
29:18 Bloodlines
29:38 Scale Barding Armor
30:14 Husbandry
30:40 Chain Barding Armor
30:02 Light Cavalry
31:23 Forging
32:43 Gold Shaft Mining
34:11 Iron Casting
Rcu
19:42 Feudal Age
20:10 Loom
25:29 Castle Age
23:17 Double-Bit Axe
27:09 Medium Warships
28:41 Bow Saw
29:21 Bloodlines
31:11 Husbandry
一直嬉皮笑臉
3:50 Loom
7:06 Double-Bit Axe
15:31 Feudal Age
16:25 Bow Saw
17:38 Horse Collar
22:10 Castle Age
22:52 Scale Barding Armor
22:15 Cavalier
23:24 Gold Mining
23:47 Husbandry
25:10 Two-Man Saw
25:00 Wheelbarrow
24:48 Squires
24:35 Arson
26:08 Forging
26:01 Heavy Plow
26:21 Stone Mining
28:52 Gold Shaft Mining
28:34 Light Cavalry
31:35 Iron Casting
32:53 Chain Barding Armor
36:45 Imperial Age
35:13 Crop Rotation
35:31 Hand Cart
37:21 Burgundian Vineyards
37:20 Paladin
39:56 Blast Furnace
42:43 Chemistry
41:25 Treadmill Crane
42:06 Ballistics
43:48 Bombard Tower
妖姬西打龍
3:53 Loom
15:02 Feudal Age
16:57 Double-Bit Axe
17:25 Town Watch
21:58 Castle Age
23:04 Scale Barding Armor
23:59 Bow Saw
24:02 Fishing Lines
26:34 Gold Mining
26:36 Stone Mining
29:52 Chain Barding Armor
29:35 Husbandry
30:46 Forging
33:33 Fletching
37:28 Wheelbarrow
37:52 Gold Shaft Mining
41:12 Imperial Age
40:52 Iron Casting
40:22 Treadmill Crane
40:48 Town Patrol
41:04 Hand Cart
41:56 Cavalier
43:14 Plate Barding Armor
43:39 Blast Furnace
43:06 Conscription
Wrecking Ball Paul
4:17 Loom
4:46 Loom
15:37 Feudal Age
17:05 Double-Bit Axe
19:45 Fishing Lines
22:27 Castle Age
23:34 Wheelbarrow
23:07 Gillnets
23:52 Thumb Ring
24:18 Stone Mining
26:29 Bow Saw
26:37 Hand Cart
27:03 Stone Shaft Mining
26:18 Gold Mining
26:47 Squires
33:39 Imperial Age
30:49 Pikeman
32:19 Gold Shaft Mining
31:27 Horse Collar
33:18 Fletching
33:47 Masonry
33:18 Treadmill Crane
33:33 Murder Holes
36:48 Bodkin Arrow
36:54 Scale Mail Armor
37:05 Forging
37:42 Eupseong
42:39 Chemistry
41:28 Arrowslits
42:04 Ballistics
41:49 Siege Engineers
42:15 Architecture
harshatheloyal
4:05 Loom
14:37 Feudal Age
16:31 Double-Bit Axe
17:30 Forging
23:11 Castle Age
22:20 Fletching
22:31 Padded Archer Armor
22:32 Stone Mining
24:23 Gold Mining
25:33 Bloodlines
30:32 Medium Warships
32:24 Bodkin Arrow
32:44 Leather Archer Armor
34:41 Wheelbarrow
37:14 Husbandry
42:39 Imperial Age
Connection lost

Rejoining the realm…

Still unreachable

The connection could not be restored.

Session expired

The server has moved on; the page needs a fresh start.